 Dungeon Crawl Stone Soup version 0.30-a0-696-g2367cd04db (webtiles) character file.

Game seed: 12146805665328924452

14603 ASSMAN the Spry (level 12, -8/138 HPs)
             Began as a Merfolk Berserker on Jan 20, 2023.
             Was an Elder of Trog.
             Mangled by a tyrant leech (26 damage)
             ... on level 2 of the Lair of Beasts.
             The game lasted 00:20:33 (8543 turns).

ASSMAN the Spry (Merfolk Berserker)                 Turns: 8543, Time: 00:20:33

Health: -8/138     AC: 19    Str: 23    XL:     12   Next: 18%
Magic:  12/12      EV: 17    Int:  6    God:    Trog [****..]
Gold:   559        SH:  0    Dex: 19    Spells: 11/11 levels left

rFire   + . .      SeeInvis .    x - +0 halberd (freeze)
rCold   . . .      Faith    .    (shield currently unavailable)
rNeg    . . .      Spirit   .    N - +4 chain mail {rF+}
rPois   .          Reflect  .    a - +0 helmet
rElec   .          Harm     .    C - +2 cloak {rCorr}
rCorr   +          Rampage  .    A - +2 pair of gloves
Will    ++...                    (no boots) Stlth
                                 u - amulet of regeneration
HPRegen 2.23/turn                m - +6 ring of strength
MPRegen 0.13/turn                s - ring of flight

@: berserking, strong-willed, flying, regenerating, very quick
A: (nimble swimmer 2), mertail
a: Renounce Religion, Berserk, Trog's Hand, Brothers in Arms


You were on level 2 of the Lair of Beasts.
You worshipped Trog.
Trog was greatly pleased with you.
You visited 2 branches of the dungeon, and saw 11 of its levels.
You also visited: Volcano.

You collected 748 gold pieces.
You spent 189 gold pieces at shops.

Inventory:

Hand Weapons
 d - the +7 war axe of Midwinter {freeze, rElec rF+}
   (You found it on level 8 of the Dungeon)

   rF:        It protects you from fire.
   rElec:     It insulates you from electricity.
 x - a +0 halberd of freezing (weapon)
 y - a +0 trident
 O - a +2 arbalest of flaming
Missiles
 D - a throwing net (quivered)
Armour
 a - a +0 helmet (worn)
 f - a +0 troll leather armour
 i - a +4 ring mail
 n - a +0 crystal plate armour
 A - a +2 pair of gloves (worn)
 B - the +1 scale mail of the True Pharaoh {rC+ Int+2 SInv}
   (You bought it in a shop on level 8 of the Dungeon)

   Int:       It affects your intelligence (+2).
   rC:        It protects you from cold.
   SInv:      It lets you see invisible.
 C - a +2 cloak of preservation (worn)
 K - +0 steam dragon scales
 M - a +3 leather armour of fire resistance
 N - a +4 chain mail of fire resistance (worn)
Jewellery
 m - a +6 ring of strength (left hand)
 s - a ring of flight (right hand)
 u - an amulet of regeneration (around neck)
Wands
 p - a wand of acid (15)
 w - a wand of mindburst (3)
 F - a wand of flame (12)
 I - a wand of roots (5)
 J - a wand of digging (4)
Scrolls
 g - 2 scrolls of teleportation
 k - 2 scrolls of magic mapping
 o - 2 scrolls of enchant weapon
 q - a scroll of butterflies
 v - a scroll of blinking {unknown}
 E - a scroll of vulnerability {unknown}
 H - a scroll of identify
 L - 2 scrolls of fog
 P - a scroll of poison {unknown}
 S - a scroll of brand weapon
Potions
 b - 3 potions of heal wounds
 c - 5 potions of curing
 e - a potion of invisibility
 h - 4 potions of flight
 j - 3 potions of might
 l - a potion of ambrosia
 r - a potion of resistance
 t - 3 potions of haste
 z - 2 potions of attraction {unknown}
 G - 2 potions of magic {unknown}
Miscellaneous
 Q - a condenser vane
 R - a tin of tremorstones (2/2)


   Skills:
 - Level 8.0 Fighting
 - Level 16.0 Polearms
 + Level 1.3 Armour
 + Level 17.6 Dodging


You had 11 spell levels left.
You didn't know any spells.
Your spell library was empty.

Dungeon Overview and Level Annotations

Branches:
Dungeon (9/15)             Temple (0/1) D:5            Lair (2/5) D:9
  Swamp (0/4) Lair:2      Volcano (visited)
  Snake: Lair:2-3    Spider: Lair:2-3       Orc: D:9-12

Altars:
Fedhas
Hepliaklqana
Okawaru
Trog
Wu Jian
Xom
Zin

Shops:
D:6 (   D:8 [

Annotations:
D:4 2 transporters, SpyderV's ghost, amateur MiFi
D:8 1 runed translucent door


Innate Abilities, Weirdness & Mutations

((You are very nimble when in or above water. (Stealth+, EV+, Speed+++)))
Your lower body shifts to a powerful aquatic tail in water.


Message History

The harpoon shot hits you!
You are yanked forward by the harpoon shot.
You puncture the swamp worm! You freeze the swamp worm.
The swamp worm is moderately wounded.
The swamp worm misses you. The tyrant leech bites you.
The tyrant leech draws strength from your injuries!
You barely miss the swamp worm.
The swamp worm is moderately wounded.
The swamp worm closely misses you. The tyrant leech bites you!!
The tyrant leech draws strength from your injuries!
You slice the swamp worm!! You freeze the swamp worm.
You kill the swamp worm!
Trog accepts your kill. The tyrant leech barely misses you.
Training target 8.0 for Fighting reached!
Your Fighting skill increases to level 8!
You slash the tyrant leech! You freeze the tyrant leech.
The tyrant leech is lightly wounded.
The tyrant leech barely misses you. The tyrant leech completely misses you.
You closely miss the tyrant leech.
The tyrant leech is lightly wounded.
You puncture the tyrant leech! You freeze the tyrant leech.
The tyrant leech is moderately wounded.
The tyrant leech bites you but does no damage. x2
The tyrant leech bites you!!
The tyrant leech draws strength from your injuries!
Your skin crawls.
You feel strong-willed. The tyrant leech bites you!!
* * * LOW HITPOINT WARNING * * *
The tyrant leech draws strength from your injuries!
A red film seems to cover your vision as you go berserk!
You feel yourself moving faster!
You feel mighty! The tyrant leech bites you!
* * * LOW HITPOINT WARNING * * *
The tyrant leech draws strength from your injuries!
The tyrant leech bites you but does no damage.
You slice the tyrant leech!! You freeze the tyrant leech!
The tyrant leech is severely wounded.
The tyrant leech bites you!!
You die...

.. #......# #. .......#
#. #. #......###.. +.
#.......##.. #. ♣♣♣♣
##.......###.## #. ♣♣§≈~♣
.......#.##..####.
♣~§~~~♣#.................
♣§§§§§.w@................
♣~§§§~♣w.................
♣♣♣§§♣♣..................
♣♣♣♣...................
.##.##.....†.........
.......#..............
...........###.###....
........P..#####.###...
...........##.....##...


You could see 2 tyrant leeches.

Vanquished Creatures
  A fire dragon (Volcano)
  Fannar (Lair:1)
  A two-headed ogre (D:9)
  Amaemon (D:8)
  3 sun demons (Volcano)
  Maurice (D:8)
  An elephant (D:9)
  A black mamba (Lair:1)
  An orange demon (D:8)
  3 cane toads
  2 smoke demons (Volcano)
  A troll (D:9)
  A tyrant leech (Lair:2)
  Prince Ribbit (D:8)
  2 wyverns
  14 yaks
  3 basilisks
  3 steam dragons
  A swamp worm (Lair:2)
  An acid dragon (D:8)
  3 hell hounds (Volcano)
  A water moccasin (Lair:2)
  3 ice beasts
  An orc warrior (D:8)
  3 black bears
  2 ogres
  5 centaurs
  2 phantoms (D:5)
  2 kobold brigands (D:8)
  4 bullfrogs
  2 gnoll sergeants
  2 scorpions (D:5)
  2 necrophages
  3 wights (D:9)
  A howler monkey (D:9)
  An electric eel (Lair:1)
  5 hounds
  3 jellies
  4 orc priests
  2 gnoll boudas
  An iguana (D:4)
  7 orc wizards
  9 gnolls
  11 adders
  5 worms
  3 dart slugs
  17 orcs
  9 endoplasms
  3 giant cockroaches
  8 goblins
  8 hobgoblins
  18 kobolds
  5 quokkas
  5 ball pythons
  4 bats
  3 frilled lizards
  8 rats
218 creatures vanquished.

Vanquished Creatures (collateral kills)
  2 steam dragons (Volcano)
2 creatures vanquished.

Vanquished Creatures (others)
  2 fungi (Lair:1)
  12 plants
14 creatures vanquished.

Grand Total: 234 creatures vanquished

Notes
Turn   | Place    | Note
-------+----------+-------------------------------------------
     0 | D:1      | ASSMAN the Merfolk Berserker began the quest for the Orb.
     0 | D:1      | Reached XP level 1. HP: 18/18 MP: 1/1
   308 | D:1      | Reached skill level 3 in Dodging
   409 | D:1      | Reached XP level 2. HP: 24/24 MP: 2/2
  1131 | D:2      | Reached skill level 5 in Polearms
  1131 | D:2      | Reached XP level 3. HP: 28/29 MP: 3/3
  1278 | D:2      | Found a faded altar of an unknown god.
  1282 | D:2      | Reached ** piety under Trog
  1304 | D:2      | Reached skill level 4 in Dodging
  1343 | D:2      | Reached XP level 4. HP: 35/35 MP: 4/4
  1982 | D:3      | Reached XP level 5. HP: 40/41 MP: 5/5
  2004 | D:3      | Found an ornate altar of the Wu Jian Council.
  2410 | D:3      | Reached skill level 5 in Dodging
  2471 | D:4      | Found a hazy altar of Hepliaklqana.
  2586 | D:4      | Reached *** piety under Trog
  2613 | D:4      | Reached XP level 6. HP: 34/47 MP: 6/6
  2889 | D:4      | Noticed SpyderV's ghost (amateur MiFi)
  2902 | D:4      | Found a transporter.
  3129 | D:4      | Found a transporter.
  3261 | D:5      | Entered Level 5 of the Dungeon
  3286 | D:5      | Found a shimmering altar of Xom.
  3305 | D:5      | Noticed an ice beast
  3314 | D:5      | Killed an ice beast
  3315 | D:5      | Reached skill level 6 in Dodging
  3315 | D:5      | Reached XP level 7. HP: 48/52 MP: 7/7
  3452 | D:5      | Found a staircase to the Ecumenical Temple.
  3508 | D:5      | Reached skill level 7 in Dodging
  3595 | D:5      | Reached skill level 10 in Polearms
  3725 | D:5      | Reached XP level 8. HP: 58/58 MP: 8/8
  3796 | D:5      | Found a bloodstained altar of Trog.
  3799 | D:5      | Found a glowing silver altar of Zin.
  4262 | D:6      | Reached skill level 8 in Dodging
  4379 | D:6      | Found Pial's Antique Weapon Boutique.
  5485 | D:8      | Found Iwetweidu's Antique Armour Shoppe.
  5489 | D:8      | Reached XP level 9. HP: 64/64 MP: 9/9
  5492 | D:8      | Identified the +7 war axe of Midwinter {freeze, rElec rF+}
  5497 | D:8      | Bought an ancient scale mail for 189 gold pieces
  5497 | D:8      | Identified the +1 scale mail of the True Pharaoh {rC+ Int+2
                  | SInv} (You bought it in a shop on level 8 of the Dungeon)
  5522 | D:8      | Reached skill level 9 in Dodging
  5526 | D:8      | Reached **** piety under Trog
  5564 | D:8      | Noticed Maurice
  5626 | D:8      | Killed Maurice
  5714 | D:8      | Noticed Amaemon
  5715 | D:8      | Noticed an orange demon
  5738 | D:8      | Killed Amaemon
  5739 | D:8      | Reached skill level 11 in Dodging
  5748 | D:8      | Killed an orange demon
  5749 | D:8      | Reached skill level 12 in Dodging
  5749 | D:8      | Reached XP level 10. HP: 60/70 MP: 10/10
  5901 | D:8      | Found a blossoming altar of Fedhas.
  5923 | D:8      | Found an iron altar of Okawaru.
  5961 | D:8      | Noticed Prince Ribbit
  6015 | D:8      | Killed Prince Ribbit
  6016 | D:8      | Reached skill level 13 in Dodging
  6092 | D:8      | Noticed an eight-headed hydra
  6092 | D:8      | Noticed a death knight
  6092 | D:8      | Noticed a deep elf pyromancer
  6093 | D:8      | Found a runed translucent door.
  6095 | D:8      | Noticed a salamander
  6095 | D:8      | Noticed a wolf spider
  6401 | D:8      | Noticed an eye of devastation
  6527 | D:9      | Noticed an elephant
  6536 | D:9      | Reached skill level 14 in Dodging
  6539 | D:9      | Killed an elephant
  6544 | D:9      | Found a staircase to the Lair.
  6864 | D:9      | Reached skill level 15 in Polearms
  6890 | D:9      | Noticed a two-headed ogre
  6897 | D:9      | Killed a two-headed ogre
  6898 | D:9      | Reached skill level 15 in Dodging
  6898 | D:9      | Reached XP level 11. HP: 75/75 MP: 11/11
  7178 | Lair:1   | Entered Level 1 of the Lair of Beasts
  7308 | Lair:1   | Noticed Fannar
  7320 | Lair:1   | Killed Fannar
  7390 | Lair:1   | Found a dark tunnel.
  7726 | Volcano  | Entered a volcano
  7767 | Volcano  | Reached skill level 16 in Dodging
  7800 | Volcano  | Noticed a sun demon
  7809 | Volcano  | Killed a sun demon
  7810 | Volcano  | Reached skill level 5 in Fighting
  7837 | Volcano  | Noticed a sun demon
  7845 | Volcano  | Killed a sun demon
  7854 | Volcano  | Noticed a fire dragon
  7856 | Volcano  | Noticed a sun demon
  7871 | Volcano  | Killed a sun demon
  7883 | Volcano  | Killed a fire dragon
  7884 | Volcano  | Reached skill level 17 in Dodging
  8267 | Lair:1   | Reached XP level 12. HP: 91/91 MP: 12/12
  8525 | Lair:2   | Found a staircase to the Swamp.
  8543 | Lair:2   | Mangled by a tyrant leech

Illustrated notes

Levels and vault maps discovered:
D:1:      psy_arrival_radial01, layout_basic
D:2:      layout_basic, hellmonk_ecumenical_altar_blasted, minmay_mini_jars
D:3:      layout_rooms, mainiacjoe_overflow_small_starburst,
          minmay_close_crescents
D:4:      layout_basic, nicolae_hepliaklqana_hazy_memory,
          gammafunk_ghost_stat_death, minmay_misc_feat_pillars
D:5:      layout_rooms, minitemple, mainiacjoe_overflow_24_doors,
          minmay_temple_entry_ruins, minmay_misc_feat_enclosed
D:6:      layout_loops_ring, serial_shops, nicolae_diamond_shop,
          chequers_garden, minivault_5, grunt_decor_mini_mirrors,
          minmay_statues_item, columned_hall_lemuel, kennysheep_potato
D:7:      layout_rooms
D:8:      minmay_gate_of_8, layout_basic, mainiacjoe_overflow_large_starburst,
          serial_shops, shop, nicolae_grassy_gnolls, uniq_prince_ribbit1,
          uniq_maurice, uniq_amaemon
D:9:      layout_layer_cave, david_lair_generic
Lair:1:   layout_regular_city, nicolae_volcano_entry_hallway,
          grunt_forest_small_clearing_treed, serial_bayou_shore_b,
          grunt_megastairs_2, serial_bayou_shore_b, uniq_fannar
Lair:2:   layout_regular_city, minmay_swamp_entry_worms

Skill      XL: |  1  2  3  4  5  6  7  8  9 10 11 12 |
---------------+-------------------------------------+-----
Dodging        | 3 4 5 6 7 8 12 15 17 | 17.6
Polearms       | 5 6 7 8 10 12 14 15 16 | 16.0
Fighting       | 7 8 |  8.0
Armour         | |  1.3

Action                   |  1- 3 |  4- 6 |  7- 9 | 10-12 || total
-------------------------+-------+-------+-------+-------++-------
Melee: Spear             |   102 |   250 |   153 |       ||   505
       Punch             |       |       |     9 |     2 ||    11
       Trident           |       |       |   207 |    79 ||   286
       Halberd           |       |       |       |   299 ||   299
Throw: Throwing net      |       |       |     1 |     2 ||     3
Invok: Berserk           |       |     4 |     8 |     6 ||    18
       Trog's Hand       |       |       |     2 |     3 ||     5
       Brothers in Arms  |       |       |       |     1 ||     1
Evoke: Wand              |       |       |     3 |       ||     3
  Use: Scroll            |       |     8 |     8 |     2 ||    18
       Potion            |       |     1 |     1 |       ||     2
Armor: Animal skin       |     4 |       |       |       ||     4
       Ring mail         |    16 |    67 |    96 |    33 ||   212
       Troll leather arm |       |       |       |    29 ||    29
       Chain mail        |       |       |       |    28 ||    28
Dodge: Dodged            |    21 |    93 |   245 |   223 ||   582

Table legend: (Time is in decaauts)
 A = Elapsed time spent in this place.
 B = Non-inter-level travel time spent in this place.
 C = Inter-level travel time spent in this place.
 D = Time resting spent in this place.
 E = Time spent auto-exploring this place.
 F = Levels seen in this place.
 G = Mean time per level.
                   A        B        C        D        E       F      G
               +--------+--------+--------+--------+--------+-----+--------+
         Total |   8371 |   8099 |    272 |    173 |   6060 |  12 |  697.6 |
       Dungeon |   7041 |   6846 |    195 |    157 |   5338 |   9 |  782.3 |
          Lair |   1048 |    971 |     77 |     15 |    706 |   2 |  524.0 |
       Volcano |    281 |    281 |      0 |      0 |     16 |   1 |  281.0 |
               +--------+--------+--------+--------+--------+-----+--------+

Top non-repeatable levels by time:
     D:1: 1115 daAuts
     D:6: 964 daAuts
     D:8: 903 daAuts
  Lair:1: 888 daAuts
     D:4: 791 daAuts
     D:9: 732 daAuts
     D:5: 702 daAuts
     D:2: 678 daAuts
     D:3: 632 daAuts
     D:7: 520 daAuts
 Volcano: 281 daAuts
  Lair:2: 159 daAuts
